 Dungeon Crawl Stone Soup version 0.31-a0-222-gefeffbb62a (webtiles) character file.

Game seed: 1313596688694679764

239 qw the Chopper (level 6, -3/38 HPs)
             Began as a Gargoyle Fighter on July 4, 2023.
             Slain by a gnoll
             ... wielding a +0 halberd
              (7 damage)
             ... on level 3 of the Dungeon.
             The game lasted 00:01:57 (2735 turns).

qw the Chopper (Gargoyle Fighter)                   Turns: 2735, Time: 00:01:58

Health: -3/38      AC: 17    Str: 21    XL:     6   Next: 7%
Magic:  6/6        EV:  5    Int:  9    God:
Gold:   187        SH:  4    Dex:  9    Spells: 5/5 levels left

rFire   + . .        Y - +0 war axe
rCold   . . .        c - +0 buckler
rNeg    + . .        i - +0 plate armour
rPois   inf          (no helmet)
rElec   +            (no cloak)
rCorr   .            e - +0 pair of gloves
SInv    .            (no boots)
Will    .....        (no amulet) Stlth
                     m - ring of protection from fire
HPRegen 0.26/turn    (no ring)
MPRegen 0.10/turn

%: no passive effects
@: no status effects
A: sickness immunity, AC +4, negative energy resistance 1, electricity
resistance, torment resistance 1, petrification resistance
a: no special abilities


You were on level 3 of the Dungeon.
You visited 1 branch of the dungeon, and saw 3 of its levels.

You collected 187 gold pieces.


Innate Abilities, Weirdness & Mutations

You are immune to sickness and miasma.
Your stone body is resilient. (AC +4)
You are immune to poison.
You resist negative energy. (rN+)
You are resistant to electric shocks. (rElec)
You are resistant to unholy torment.
You are immune to petrification.


   Skills:
 - Level 4.0 Fighting
 + Level 5.2 Axes
 - Level 3.2 Armour
 - Level 3.2 Shields


You had 5 spell levels left.
You didn't know any spells.
Your spell library was empty.

Inventory:

Hand Weapons
 f - a +2 hammer of holy wrath
 g - a +3 hammer
 Y - a +0 war axe (weapon)
Armour
 c - a +0 buckler (worn)
 e - a +0 pair of gloves (worn)
 i - a +0 plate armour (worn)
Jewellery
 m - a ring of protection from fire (left hand)
Scrolls
 a - 6 scrolls of identify
 b - a scroll of blinking {unknown}
 k - 3 scrolls of poison {unknown}
Potions
 d - a potion of might
 h - 5 potions of curing
 j - 2 potions of lignification {unknown}
 l - a potion of resistance
 n - a potion of degeneration {unknown}

Dungeon Overview and Level Annotations

Branches:
Dungeon (3/15)

Altars:

Annotations:
D:2 1 runed translucent door, Crazy Yiuf


Message History

The gnoll completely misses you.
You barely miss the kobold.
The kobold is moderately wounded.
The kobold barely misses you. You block the gnoll's attack.
The gnoll hits you but does no damage. x3
The gnoll hits you from afar with a +0 halberd.
The kobold hits you but does no damage.
You slash the kobold!
You kill the kobold!
You slash the gnoll! The gnoll barely misses you.
The gnoll hits you from afar with a +0 halberd.
You block the gnoll's attack.
You closely miss the gnoll.
The gnoll is heavily wounded.
The gnoll barely misses you. The gnoll hits you but does no damage.
You hit the gnoll.
The gnoll is severely wounded.
The gnoll hits you but does no damage. You block the gnoll's attack.
The gnoll hits you from afar with a +0 halberd.
You barely miss the gnoll.
The gnoll is severely wounded.
The gnoll hits you with a +0 club. The gnoll barely misses you.
The gnoll hits you from afar with a +0 halberd.
The gnoll hits you but does no damage. The gnoll completely misses you.
The gnoll hits you but does no damage.
You completely miss the gnoll.
The gnoll is severely wounded.
You block the gnoll's attack.
The gnoll hits you from afar with a +0 halberd.
The gnoll hits you but does no damage.
You barely miss the gnoll.
The gnoll is severely wounded.
You block the gnoll's attack. The gnoll barely misses you.
The gnoll hits you but does no damage.
You closely miss the gnoll.
The gnoll is severely wounded.
The gnoll hits you but does no damage.
The gnoll hits you from afar with a +0 halberd!
You die...

#####
###############...#
..............#...#
..............#...#
.....).....)..##)##
...########)...).#
...# #......#
...########....g@#
..............##)#
..............#gg$
..............#$$$#
###############$$$#
~~~~~~~~~~~~~~#####
~~~~~~~~~~~~~~~
~~~~~~~~~~~~~~~~
~~....~~.~...~..


You could see 3 gnolls.

Vanquished Creatures
  An orc priest (D:3)
  An orc wizard (D:3)
  6 adders
  A gnoll (D:3)
  4 worms
  3 dart slugs
  2 orcs (D:3)
  2 ball pythons (D:2)
  4 endoplasms
  4 giant cockroaches
  21 goblins
  17 hobgoblins
  A jackal (D:2)
  5 quokkas (D:2)
  10 bats
  5 frilled lizards
  6 kobolds
  5 rats
98 creatures vanquished.

Notes
Turn   | Place    | Note
-------+----------+-------------------------------------------
     0 | D:1      | qw the Gargoyle Fighter began the quest for the Orb.
     0 | D:1      | Reached XP level 1. HP: 14/14 MP: 1/1
     0 | D:1      | 0 ||| qw: Version: 0.3-a-46-gb1f654a
     0 | D:1      | 0 ||| qw: Game counter: 964
     0 | D:1      | 0 ||| qw: Melee chars always use a shield: true
     0 | D:1      | 0 ||| qw: God list: Okawaru
     0 | D:1      | 0 ||| qw: Allow faded altars: false
     0 | D:1      | 0 ||| qw: Do Orc after clearing Dungeon:15 true
     0 | D:1      | 0 ||| qw: Do second Lair branch before Depths: true
     0 | D:1      | 0 ||| qw: Lair rune preference: random
     0 | D:1      | 0 ||| qw: Goals: Normal, Zot:1-4, Slime:5, God:TSO, Crypt,
                  | Tomb, Abyss, Pan, Hells, Win
     0 | D:1      | 0 ||| PLANNING D:1-11
    49 | D:1      | 49 ||| Stepping ~*~*~tactically~*~*~ (hiding).
    59 | D:1      | Reached skill level 2 in Axes
   142 | D:1      | Reached XP level 2. HP: 14/19 MP: 2/2
   288 | D:1      | 288 ||| FLEEEEING.
   289 | D:1      | 289 ||| FLEEEEING.
   290 | D:1      | 290 ||| FLEEEEING.
   291 | D:1      | 291 ||| FLEEEEING.
   292 | D:1      | 292 ||| FLEEEEING.
   293 | D:1      | 293 ||| FLEEEEING.
   294 | D:1      | 294 ||| FLEEEEING.
   559 | D:1      | Reached skill level 3 in Axes
   649 | D:1      | Reached XP level 3. HP: 23/23 MP: 3/3
   822 | D:1      | 822 ||| UPGRADING to +0 pair of gloves.
   827 | D:1      | 827 ||| UPGRADING to +0 chain mail.
   837 | D:1      | 837 ||| DROPPING +0 scale mail.
   838 | D:1      | 838 ||| READING 3 scrolls labelled KEG GAUCZONO.
   839 | D:1      | 839 ||| READING scroll labelled UFUIV DAGAJ.
   840 | D:1      | 840 ||| READING scroll labelled PIKOIRPH YRUDA.
   841 | D:1      | 841 ||| READING scroll labelled DICWYS UCIN.
   842 | D:1      | 842 ||| READING 2 scrolls of identify.
   842 | D:1      | 842 ||| IDENTIFYING fuming clear potion
   927 | D:2      | 927 ||| Stepping ~*~*~tactically~*~*~ (hiding).
  1108 | D:2      | Identified the +3 hammer "Zaf Xiwk" {spect, *Rage rPois
                  | Will- Str+6}
  1110 | D:2      | 1110 ||| DROPPING +3 hammer "Zaf Xiwk" {spect, *Rage rPois
                  | Will- Str+6}.
  1138 | D:2      | 1138 ||| Stepping ~*~*~tactically~*~*~ (stealth).
  1156 | D:2      | 1156 ||| Stepping ~*~*~tactically~*~*~ (hiding).
  1177 | D:2      | 1177 ||| Stepping ~*~*~tactically~*~*~ (stealth).
  1178 | D:2      | 1178 ||| Stepping ~*~*~tactically~*~*~ (stealth).
  1252 | D:2      | Reached XP level 4. HP: 28/28 MP: 4/4
  1381 | D:2      | 1381 ||| Stepping ~*~*~tactically~*~*~ (stealth).
  1387 | D:2      | Reached skill level 4 in Axes
  1543 | D:2      | Found a runed translucent door.
  1544 | D:2      | Noticed Crazy Yiuf
  1746 | D:2      | 1746 ||| Stepping ~*~*~tactically~*~*~ (hiding).
  1805 | D:2      | 1805 ||| Stepping ~*~*~tactically~*~*~ (stealth).
  2177 | D:2      | 2177 ||| UPGRADING to +0 plate armour.
  2187 | D:2      | 2187 ||| DROPPING +0 chain mail.
  2188 | D:2      | 2188 ||| UPGRADING to ring of protection from fire.
  2189 | D:2      | 2189 ||| DROPPING ring of flight.
  2190 | D:2      | 2190 ||| READING scroll labelled WEOM XIUGH.
  2191 | D:2      | 2191 ||| DRINKING 2 black potions.
  2192 | D:2      | 2192 ||| DRINKING 2 fizzy amethyst potions.
  2193 | D:2      | 2193 ||| DROPPING potion of brilliance.
  2315 | D:3      | 2315 ||| Stepping ~*~*~tactically~*~*~ (stealth).
  2337 | D:3      | Reached XP level 5. HP: 31/32 MP: 5/5
  2395 | D:3      | Reached skill level 5 in Axes
  2571 | D:3      | 2571 ||| Stepping ~*~*~tactically~*~*~ (hiding).
  2694 | D:3      | Reached XP level 6. HP: 38/38 MP: 6/6
  2728 | D:3      | HP: 8/38 [gnoll/+0 halberd (6)]
  2733 | D:3      | HP: 3/38 [gnoll/+0 halberd (1)]
  2735 | D:3      | Slain by a gnoll

Levels and vault maps discovered:
D:1:      lightli_arrival_farm, layout_basic
D:2:      minmay_thinvault, layout_rooms, serial_corexii_hall,
          corexii_hall_statues_i, corexii_hall_statues_l,
          minmay_small_reverse_x, uniq_crazy_yiuf_cottage
D:3:      minmay_goblin_kobold_castle, layout_rooms

Skill      XL: |  1  2  3  4  5 |
---------------+----------------+-----
Axes           | 2 3 4 5 |  5.2
Fighting       | 4 |  4.0
Armour         | |  3.2
Shields        | |  3.2

Action                     |  1- 3 |  4- 6 || total
---------------------------+-------+-------++-------
  Melee: War axe           |    89 |   201 ||   290
    Use: Scroll            |     5 |     1 ||     6
         Potion            |       |     2 ||     2
 Armour: Scale mail        |    20 |       ||    20
         Chain mail        |    19 |    39 ||    58
         Plate armour      |       |   115 ||   115
  Dodge: Dodged            |    39 |    72 ||   111
  Block: Buckler           |    16 |    44 ||    60

Table legend:
 A = Non-vault XP
 B = Vault XP
 C = Vault XP percentage of total XP
 D = Non-vault monster count
 E = Vault monster count
 F = Vault count percentage of total count
                 A         B        C        D         E       F
            +---------+---------+-------+---------+---------+-------
      Total |     216 |     126 |  36.8 |      51 |      47 |  48.0
            +---------+---------+-------+---------+---------+-------
        D:1 |      34 |       0 |   0.0 |      19 |       0 |   0.0
        D:2 |      45 |      64 |  58.7 |      16 |      21 |  56.8
        D:3 |     137 |      62 |  31.2 |      16 |      26 |  61.9
            +---------+---------+-------+---------+---------+-------
